 Dungeon Crawl Stone Soup version 0.30-a0-883-g5ad918d77d (webtiles) character file.

Game seed: 18039938516177379797

32 domi the Conjurer (level 3, 24/24 HPs)
             Began as a Demonspawn Conjurer on Mar 16, 2023.
             Got out of the dungeon alive.
             The game lasted 00:01:28 (961 turns).

domi the Conjurer (Demonspawn Conjurer)              Turns: 961, Time: 00:01:29

Health: 24/24      AC:  4    Str:  7    XL:     3   Next: 8%
Magic:  5/6        EV: 12    Int: 21    God:
Gold:   43         SH:  0    Dex: 11    Spells: 5/6 levels left

rFire   . . .      SeeInvis .    e - +0 mace
rCold   . . .      Faith    .    (no shield)
rNeg    . . .      Spirit   .    a - +0 robe
rPois   .          Reflect  .    (no helmet)
rElec   .          Rampage  .    (no cloak)
rCorr   .                        (no gloves)
Will    .....                    (no boots)
Stlth   ++                       (no amulet)
HPRegen 0.24/turn                (no ring)
MPRegen 0.10/turn                (no ring)

@: no status effects
A: yellow scales 1, demonic magic 1
a: no special abilities


You escaped.
You visited 1 branch of the dungeon, and saw 1 of its levels.

You collected 43 gold pieces.

Inventory:

Hand Weapons
 e - a +0 mace (weapon)
   (You found it on level 1 of the Dungeon)
Armour
 a - a +0 robe (worn)
Scrolls
 d - a scroll of teleportation {unknown}
 f - 3 scrolls of identify {unknown}
Potions
 b - 3 potions of magic
 c - a potion of attraction {unknown}
 g - a potion of mutation {unknown}


   Skills:
 - Level 1.7 Dodging
 - Level 1.7 Stealth
 - Level 2.0 Spellcasting
 + Level 5.0 Conjurations


You had 5 spell levels left.
You knew the following spells:

 Your Spells              Type           Power      Damage    Failure   Level
z - Magic Dart            Conj           92%        1d7       1%          1

Your spell library contained the following spells:

 Spells                   Type           Power      Damage    Failure   Level
 Searing Ray              Conj           46%        2d6       2%          2
 Dazzling Flash           Conj/Hex       24%        N/A       16%         3
 Fulminant Prism          Conj/Hex       6%         3d6       45%         4
 Iskenderun's Mystic Bla  Conj/Tloc      12%        2d5       45%         4


Dungeon Overview and Level Annotations

Branches:
Dungeon (1/15)

Altars:


Innate Abilities, Weirdness & Mutations

You are partially covered in yellow scales. (AC +2)
Spells you cast may paralyse adjacent enemies.


Message History

Found a stone staircase leading down.
There is a stone staircase leading down here.
A ball python comes into view.
A ball python is nearby!
Aim: a ball python (wandering, hasn't noticed you, 100% to hit)
The magic dart hits the ball python.
You kill the ball python!
A kobold comes into view. It is wielding a +0 whip.
A kobold is nearby!
A kobold is nearby!
Aim: a kobold, wielding a +0 whip (asleep, 100% to hit)
The magic dart hits the kobold.
The kobold shouts!
Aim: a kobold, wielding a +0 whip (heavily wounded, 100% to hit)
The magic dart hits the kobold.
You kill the kobold!
A kobold comes into view. It is wielding a +0 whip.
A kobold is nearby!
A kobold is nearby!
A kobold is nearby!
Aim: a kobold, wielding a +0 whip and quivering stones (wandering, hasn't noticed you, 100% to hit)
The magic dart hits the kobold.
The kobold shouts!
The kobold throws a stone.
The stone closely misses you.
Aim: a kobold, wielding a +0 whip and quivering stones (heavily wounded, 100% to hit)
The magic dart hits the kobold.
You kill the kobold!
A hobgoblin comes into view.
A hobgoblin is nearby!
A hobgoblin is nearby!
Aim: a hobgoblin (wandering, hasn't noticed you, 100% to hit)
The magic dart hits the hobgoblin.
You kill the hobgoblin!
A goblin comes into view. It is wielding a +0 dagger.
A goblin is nearby!
A goblin is nearby!
Aim: a goblin, wielding a +0 dagger (wandering, hasn't noticed you, 100% to hit)
The magic dart hits the goblin.
The goblin shouts!
Aim: a goblin, wielding a +0 dagger (moderately wounded, 100% to hit)
The magic dart hits the goblin.
Aim: a goblin, wielding a +0 dagger (severely wounded, 100% to hit)
The magic dart hits the goblin.
You kill the goblin!
Your Conjurations skill increases to level 5!
You now have 33 gold pieces (gained 13).
Things that are here:
a +0 dagger; a goblin corpse
g - an inky potion
f - 3 scrolls labelled NOAQAM BIREON (gained 1)
You now have 43 gold pieces (gained 10).
Things that are here:
a +0 whip; 3 stones; a kobold corpse A dart slug comes into view.
A dart slug is nearby!
Aim: a dart slug (100% to hit)
The magic dart hits the dart slug.
Aim: a dart slug (moderately wounded, 100% to hit)
The magic dart hits the dart slug.
Aim: a dart slug (almost dead, 100% to hit)
You miscast Magic Dart.
You are very lightly contaminated with residual magic.
Nothing appears to happen.
Aim: a dart slug (almost dead, 100% to hit)
The magic dart hits the dart slug.
Aim: a dart slug (almost dead, 100% to hit)
You miscast Magic Dart.
Nothing appears to happen.
The dart slug closely misses you.
You hit the dart slug but do no damage. The dart slug launches a dart at you.
The slug dart hits you.
You hit the dart slug.
You kill the dart slug!
You have reached level 3!
Your experience leads to an increase in your attributes!
Increase (s)trength, (i)ntelligence, or (d)exterity?
You feel clever. x2; Your demonic ancestry asserts itself...
A menacing aura infuses your magic.
Your magical contamination has completely faded away.
You can't go up here!
(D) Dungeon
Where to? (Enter - D:1 @ (x,y), ? - help)
Okay, then.
(D) Dungeon
Where to? (Enter - D:1 @ (x,y), ? - help)
What level of the Dungeon? (default 1, ? - help)
Aim: a goblin, wielding a +0 dagger (wandering, hasn't noticed you, 100% to hit)
The magic dart hits the goblin.
The goblin shouts!
Malevolent energies surge around you.
Aim: a goblin, wielding a +0 dagger (heavily wounded, 100% to hit)
The magic dart hits the goblin!
You kill the goblin!
Malevolent energies surge around you.
You can't see any susceptible monsters within range! (Use Z to cast anyway.)
(D) Dungeon
Where to? (Enter - D:1 @ (x,y), ? - help)
There is a staircase leading out of the dungeon here.
Are you sure you want to leave the Dungeon?
This will make you lose the game!
You have escaped!

#.......# ####.#...#.#
##........#.#####
#.#...#.........#
##.†..#####.....######
#.##........#.......#
#†#########....####.#
#####.##########.#....#.#
#......>@......#.####.#.#
#.#########.........#....
#.# ####.............. #.#
#.........##...... ####.####
#.......####...... #.......#
#.................
#..#.#..###.......##.##.##.#
#..#.#..#.....)...##.##.####
#..#....#.###...........#


There were no monsters in sight!

Vanquished Creatures
  A dart slug (D:1)
  2 endoplasms (D:1)
  A giant cockroach (D:1)
  2 hobgoblins (D:1)
  6 jackals (D:1)
  3 kobolds (D:1)
  3 ball pythons (D:1)
  2 bats (D:1)
  A frilled lizard (D:1)
  4 goblins (D:1)
25 creatures vanquished.

Notes
Turn   | Place    | Note
-------+----------+-------------------------------------------
     0 | D:1      | domi the Demonspawn Conjurer began the quest for the Orb.
     0 | D:1      | Reached XP level 1. HP: 13/13 MP: 3/3
   251 | D:1      | Gained mutation: You are partially covered in yellow
                  | scales. (AC +2) [demonic ancestry]
   251 | D:1      | Reached XP level 2. HP: 9/19 MP: 0/5
   772 | D:1      | Reached skill level 5 in Conjurations
   884 | D:1      | Gained mutation: Spells you cast may paralyse adjacent
                  | enemies. [demonic ancestry]
   884 | D:1      | Reached XP level 3. HP: 20/24 MP: 0/6
   961 | D:$      | Got out of the dungeon alive.

Illustrated notes

Levels and vault maps discovered:
D:1:      dpeg_arrival_tiny_j, layout_loops_cross, st_stairs_2,
          minmay_misc_feat_ornament, minmay_small_reverse_x

Skill      XL: |  1  2 |
---------------+-------+-----
Conjurations   | 5 |  5.0
Dodging        | |  1.7
Stealth        | |  1.7
Spellcasting   | |  2.0

Action                     || total
---------------------------++-------
  Melee: Unarmed           ||     7
         Punch             ||     1
         Mace              ||     8
   Cast: Magic Dart        ||    45
 Armour: Robe              ||     3
  Dodge: Dodged            ||    12

Table legend: (Time is in decaauts)
 A = Elapsed time spent in this place.
 B = Non-inter-level travel time spent in this place.
 C = Inter-level travel time spent in this place.
 D = Time resting spent in this place.
 E = Time spent auto-exploring this place.
 F = Levels seen in this place.
 G = Mean time per level.
                   A        B        C        D        E       F      G
               +--------+--------+--------+--------+--------+-----+--------+
         Total |    963 |    891 |     72 |     46 |    697 |   1 |  963.0 |
       Dungeon |    963 |    891 |     72 |     46 |    697 |   1 |  963.0 |
               +--------+--------+--------+--------+--------+-----+--------+

Top non-repeatable levels by time:
     D:1: 963 daAuts

Table legend:
 A = Kills in this place as a percentage of kills in the entire game.
 B = Kills by you in this place as a percentage of kills by you in the entire game.
 C = Kills by friends in this place as a percentage of kills by friends in the entire game.
 D = Other kills in this place as a percentage of other kills in the entire game.
 E = Experience gained in this place as a percentage of experience gained in the entire game.
 F = Experience gained in this place divided by the number of levels of this place that you have seen.
                   A       B       C       D       E      F
               +-------+-------+-------+-------+-------+----------------------
         Total | 100.0 | 100.0 |   N/A |   N/A | 100.0 |  46.0
       Dungeon | 100.0 | 100.0 |   N/A |   N/A | 100.0 |  46.0
               +-------+-------+-------+-------+-------+----------------------
